AoeStats
← WHİTE.MAN.TR

Arena

509578969Analyzed
1v1 RM · 5d ago on Sep 27, 2026· 57m 25s· 2 players
Game mode
Random Map
Map size
Tiny (2 player)
Population
200
Speed
Normal
Resources
Standard
Victory
Conquest
Starting age
Dark Age
Ending age
Imperial Age
RankedLock teamsTeams togetherTeam positionsShared explorationLock speedFull tech treeHidden civsTurbo modeCheats
Victory
Defeat
🇹🇷 Turks · Türkiye
1079
+15
🇨🇴 Italians · Colombia
1051
-15
Kael
10:15 Feudal Age
11:06 Double-Bit Axe
11:39 Loom
15:40 Castle Age
14:09 Double-Bit Axe
14:07 Horse Collar
17:20 Bow Saw
24:14 Heavy Plow
25:43 Scale Barding Armor
25:52 Forging
25:54 Husbandry
26:05 Bloodlines
26:57 Chain Barding Armor
30:03 Imperial Age
28:51 Fortified Wall
29:35 Gold Mining
31:51 Chemistry
31:17 Scale Mail Armor
34:16 Squires
35:26 Chain Mail Armor
36:49 Plate Mail Armor
36:56 Iron Casting
39:10 Wheelbarrow
38:21 Town Watch
40:18 Blast Furnace
38:56 Cavalier
40:14 Plate Barding Armor
40:30 Ballistics
40:34 Conscription
42:05 Crop Rotation
44:14 Fletching
54:13 Light Cavalry
WHİTE.MAN.TR
13:00 Feudal Age
17:43 Castle Age
15:43 Double-Bit Axe
15:51 Stone Mining
15:43 Horse Collar
19:21 Bow Saw
19:14 Heavy Plow
23:21 Gold Mining
27:20 Imperial Age
26:38 Fletching
28:50 Wheelbarrow
29:45 Two-Man Saw
29:53 Bloodlines
30:24 Bodkin Arrow
30:30 Padded Archer Armor
32:13 Bracer
32:29 Leather Archer Armor
33:50 Hand Cart
33:20 Town Watch
33:21 Loom
33:56 Elite Janissary
35:20 Gold Shaft Mining
35:49 Town Patrol
37:12 Ballistics
37:26 Ring Archer Armor
37:02 Scale Barding Armor
37:11 Forging
40:44 Artillery
43:22 Conscription
43:26 Heavy Camel Rider
Connection lost

Rejoining the realm…

Still unreachable

The connection could not be restored.

Session expired

The server has moved on; the page needs a fresh start.